 Dungeon Crawl Stone Soup version 0.21.1-1-g345015fe64 (webtiles) character file.

732 Ivernyr the Ogre Mage (level 7, -3/72 HPs)
             Began as an Ogre Wizard on Apr 29, 2018.
             Killed by divine providence
             ... invoked by an orc priest
              (10 damage)
             ... on level 4 of the Dungeon.
             The game lasted 00:20:13 (5733 turns).

Ivernyr the Ogre Mage (Ogre Wizard)                 Turns: 5733, Time: 00:20:14

Health: -3/72      AC:  3    Str: 12    XL:     7   Next: 73%
Magic:  8/15       EV: 10    Int: 23    God:
Gold:   321        SH:  0    Dex:  7    Spells: 8/17 levels left

rFire    . . .     SeeInvis .   (no weapon)
rCold    . . .     Gourm    .   (no shield)
rNeg     . . .     Faith    .   a - +0 robe
rPois    .         Spirit   .   (helmet restricted)
rElec    .         Reflect  .   (no cloak)
rCorr    .         Harm     .   (gloves unavailable)
MR       .....                  (boots unavailable)
Stlth    +.........             (no amulet)
HPRegen  0.22/turn              o - +2 ring of intelligence
MPRegen  0.14/turn              (no ring)

@: no status effects
A: large, unfitting armour, tough skin 1
a: no special abilities


You were on level 4 of the Dungeon.
You were not hungry.

You visited 1 branch of the dungeon, and saw 4 of its levels.

You collected 321 gold pieces.

Inventory:

Armour
 a - a +0 robe (worn)
Jewellery
 o - a +2 ring of intelligence (left hand)
Wands
 c - a wand of enslavement (8)
Scrolls
 f - 3 scrolls of amnesia {unknown}
 g - a scroll of enchant armour {unknown}
 i - 4 scrolls of remove curse
 j - 2 scrolls of identify {unknown}
 m - 2 scrolls of fear {unknown}
 n - 2 scrolls of teleportation {unknown}
 p - 3 scrolls of immolation {unknown}
 q - 2 scrolls of enchant weapon {unknown}
 r - a scroll of random uselessness {unknown}
Potions
 e - 5 potions of curing {unknown}
 h - 2 potions of flight {unknown}
 k - a potion of cancellation {unknown}
 l - a potion of lignification {unknown}
 s - a potion of mutation {unknown}
 t - a potion of heal wounds {unknown}
Comestibles
 d - 4 rations


   Skills:
 + Level 5.0 Fighting
 - Level 2.0 Dodging
 - Level 1.4 Stealth
 + Level 5.7 Spellcasting
 * Level 5.3 Conjurations
   Level 0.8 Summonings
 - Level 0.8 Translocations


You had 8 spell levels left.
You knew the following spells:

 Your Spells              Type           Power        Failure   Level  Hunger
a - Magic Dart            Conj           ####         1%          1    None
b - Blink                 Tloc           N/A          10%         2    None
c - Conjure Flame         Conj/Fire      ###.....     9%          3    #......
d - Mephitic Cloud        Conj/Pois/Air  ##......     13%         3    #......


Dungeon Overview and Level Annotations

Branches:
Dungeon (4/15)
 Temple: D:4-7

Altars:
Fedhas
Okawaru
The Shining One


Innate Abilities, Weirdness & Mutations

You are too large for most types of armour.
You have tough skin. (AC +1)


Message History

Aim: an iguana (moderately wounded)
The magic dart hits the iguana.
The iguana is severely wounded.
The iguana bites you!
The orc priest begins to cast a cantrip, but forgets the words!
The iguana bites you!
The orc priest mumbles some strange prayers to Beogh against you.
Beogh smites you!
* * * LOW HITPOINT WARNING * * *
The iguana hisses menacingly.
The orc priest invokes the aid of Beogh against you.
Beogh smites you!
* * * LOW HITPOINT WARNING * * *
The orc closely misses you.
There is an open door here.
The iguana bites you.
* * * LOW HITPOINT WARNING * * *
The orc priest mumbles some strange prayers to Beogh against you.
Beogh smites you!
You die...

.................'..
########.........#..
#+#####......#.........###
+.....o......#............ .
#.....#......#............ ..
#.....#......#............ ...
#.....#.lo...##########... ...)
#.o..##...............#... #....
#....####@#####.......####
#.....#)...##......##.......#...
+.....).....#......#........#...
#.....#.....#......#........'...
#.....#.....#......#........##.)
#.... +....#######'##..##...####
+.. ####+# #.##..#######.) #.
#.............. #
#..............


You could see an iguana, an orc priest and an orc.

Vanquished Creatures
  Sigmund (D:3)
  Eustachio (D:4)
  An ogre (D:4)
  2 orc priests
  Jessica (D:3)
  2 orc wizards
  A worker ant (D:4)
  6 gnolls
  4 adders
  6 worms
  A dart slug (D:1)
  2 leopard geckos
  10 orcs
  2 ball pythons (D:3)
  6 bats
  A giant cockroach (D:3)
  6 goblins
  11 hobgoblins
  2 frilled lizards
  10 kobolds
  A leopard gecko skeleton (D:4)
  A quokka skeleton (D:4)
  4 rats
82 creatures vanquished.

Notes
Turn   | Place    | Note
-------+----------+-------------------------------------------
     0 | D:1      | Ivernyr the Ogre Wizard began the quest for the Orb.
     0 | D:1      | Reached XP level 1. HP: 16/16 MP: 5/5
    84 | D:1      | Reached skill level 1 in Conjurations
   287 | D:1      | Reached XP level 2. HP: 24/24 MP: 3/6
   371 | D:1      | Learned a level 2 spell: Blink
  1061 | D:2      | Reached skill level 1 in Fighting
  1061 | D:2      | Reached XP level 3. HP: 33/33 MP: 0/8
  1140 | D:2      | Learned a level 3 spell: Conjure Flame
  1144 | D:2      | Learned a level 3 spell: Mephitic Cloud
  2728 | D:3      | Reached XP level 4. HP: 42/42 MP: 6/10
  2773 | D:3      | Noticed Jessica
  2777 | D:3      | Killed Jessica
  3078 | D:3      | Reached XP level 5. HP: 32/50 MP: 0/11
  3904 | D:3      | Found an iron altar of Okawaru.
  4182 | D:3      | Noticed Sigmund
  4190 | D:3      | Killed Sigmund
  4190 | D:3      | Reached skill level 5 in Spellcasting
  4190 | D:3      | Reached XP level 6. HP: 59/62 MP: 5/13
  4261 | D:3      | Found a blossoming altar of Fedhas.
  4542 | D:3      | Found a glowing golden altar of the Shining One.
  5002 | D:4      | Noticed Eustachio
  5036 | D:4      | Killed Eustachio
  5036 | D:4      | Reached XP level 7. HP: 29/71 MP: 1/15
  5281 | D:4      | Reached skill level 5 in Conjurations
  5715 | D:4      | Reached skill level 5 in Fighting
  5733 | D:4      | Killed from afar by an orc priest

Skill      XL: |  1  2  3  4  5  6  7 |
---------------+----------------------+-----
Conjurations   | 1 2 3 4 5 |  5.3
Dodging        | 2 |  2.0
Fighting       | 1 2 3 4 5 |  5.0
Spellcasting   | 4 5 |  5.7
Stealth        | |  1.4
Summonings     | |  0.8
Translocations | |  0.8

Action                   |  1- 3 |  4- 6 |  7- 9 || total
-------------------------+-------+-------+-------++-------
Melee: Unarmed           |    44 |    11 |       ||    55
 Cast: Magic Dart        |   115 |   144 |    41 ||   300
  Use: Scroll            |       |     1 |       ||     1
  Eat: Chunk             |     1 |     8 |     2 ||    11
       Ration            |     1 |       |       ||     1
Armor: Robe              |     9 |    47 |     2 ||    58
Dodge: Dodged            |    20 |    62 |     7 ||    89
